 Dungeon Crawl Stone Soup version 0.19-a0-994-g3c636f0 (webtiles) character file.

217400 Ijustatesigmund the Severer (level 18, -1/153 HPs)
             Began as a Demonspawn Berserker on July 14, 2016.
             Was the Champion of Trog.
             Succumbed to a swamp dragon's poison gas
             ... on level 4 of the Swamp on July 15, 2016.
             The game lasted 02:49:27 (31685 turns).

Ijustatesigmund the Severer (Demonspawn Berserker) Turns: 31685, Time: 02:49:28

Health: -1/153     AC: 35    Str: 21    XL:     18   Next: 76%
Magic:  22/26      EV: 12    Int: 12    God:    Trog [******]
Gold:   3729       SH: 26    Dex: 19    Spells: 0 memorised, 17 levels left

rFire  + . .     SeeInvis .     b - +9 broad axe (chop)
rCold  . . .     Gourm    .     Y - +5 ring mail of Shadows and Fog {-Cast Regen+ rCorr}
rNeg   . . .     Faith    .     K - +2 large shield
rPois  .         Spirit   +     y - +2 hat {Int+3}
rElec  .         Dismiss  .     S - +1 cloak {+Inv}
rCorr  +         Reflect  +     v - +1 pair of gloves
SustAt .         Harm     .     (boots unavailable)
MR     +++..     NoCast   +     D - +5 amulet of reflection
Stlth  +.........               r - +5 ring of protection
                                X - +5 ring of protection

@: lethally poisoned (-1 -> -2), regenerating, extremely resistant to hostile
enchantments, very unstealthy
A: antennae 1, hooves 3, iridescent scales 2, blink, fire resistance 1, strong
1, magic shield, magic regeneration, magic link
a: Blink, Berserk, Trog's Hand, Brothers in Arms, Burn Spellbooks, Renounce
Religion, Evoke Invisibility


You were on level 4 of the Swamp.
You worshipped Trog.
Trog was exalted by your worship.
You were hungry.

You visited 7 branches of the dungeon, and saw 32 of its levels.
You visited the Abyss 1 time.
You also visited: Ossuary, Ice Cave and Volcano.

You collected 4029 gold pieces.
You spent 300 gold pieces at shops.

Inventory:

Hand Weapons
 b - a +9 broad axe of chopping (weapon)
 f - a +7 antimagic broad axe
Armour
 q - the +18 shield of the Gong {rElec rN+ MR+ EV-5}
   (You took it off an orc warrior on level 7 of the Dungeon)

   It affects your evasion (-5).
   It insulates you from electricity.
   It protects you from negative energy.
   It affects your resistance to hostile enchantments.
 v - a +1 pair of gloves (worn)
 y - a +2 hat of intelligence (worn)
 A - a +4 chain mail of cold resistance
 K - a +2 large shield (worn)
 S - a +1 cloak of invisibility (worn)
 Y - the +5 ring mail of Shadows and Fog (worn) {-Cast Regen+ rCorr}
   (You found it on level 2 of the Lair of Beasts)

   It prevents spellcasting.
   It increases your rate of regeneration.
   It protects you from acid and corrosion.
Jewellery
 e - an uncursed ring of protection from cold
 l - an uncursed ring of protection from magic {unknown}
 r - a +5 ring of protection (right hand)
 w - a +6 ring of strength
 D - a +5 amulet of reflection (around neck)
 I - the amulet "Goyn" {rN+ MR++ Regen+ MP-9}
   (You took it off a deep elf elementalist on level 3 of the Elven Halls)

   [amulet of regeneration]

   It protects you from negative energy.
   It affects your resistance to hostile enchantments.
   It affects your magic capacity (-9).
   It increases your rate of regeneration.
 M - an uncursed ring of positive energy
 O - an uncursed ring of protection from fire
 U - an uncursed ring of poison resistance
 X - a +5 ring of protection (left hand)
 Z - an uncursed ring of protection from fire
Wands
 o - a wand of teleportation (6/9)
 s - a wand of iceblast (8/15)
 B - a wand of lightning (10/15)
 E - a wand of digging (13/24)
 F - a wand of confusion (20/48)
 V - a wand of disintegration (14/24)
Scrolls
 p - 2 scrolls of blinking
 t - 11 scrolls of remove curse
 C - 8 scrolls of identify
 G - 3 scrolls of summoning
 H - 2 scrolls of magic mapping
 J - a scroll of fog
 L - 6 scrolls of recharging
Potions
 a - 3 potions of heal wounds
 d - 2 potions of haste
 g - 5 potions of flight
 h - 3 potions of might
 i - 4 potions of mutation
 k - 3 potions of cure mutation
 m - 2 potions of cancellation
 n - 2 potions of magic
 u - 8 potions of curing
 x - 2 potions of ambrosia
 z - 2 potions of agility
 W - 5 potions of brilliance
Miscellaneous
 P - 2 phantom mirrors
Comestibles
 c - 11 bread rations
 j - 14 meat rations
 N - a fruit


   Skills:
 + Level 16.5 Fighting
 + Level 17.2 Axes
 - Level 10.3 Armour
 - Level 11.0 Dodging
 - Level 12.3 Shields
 - Level 11.9 Evocations


You had 17 spell levels left.
You didn't know any spells.

Dungeon Overview and Level Annotations

Branches:
Dungeon (15/15)            Temple (0/1) D:4            Lair (6/6) D:11
  Swamp (4/4) Lair:4        Snake (1/4) Lair:4        Slime (0/5) Lair:5
    Orc (2/2) D:12            Elf (3/3) Orc:2        Vaults (0/5) D:13
 Depths (1/5) D:15

Altars:
Elyvilon
Pakellas
Ru
Yredelemnul
Zin
Beogh

Shops:
D:7 }   Orc:1 }   Orc:2 }(:(   Elf:2 =

Portals:
Trove: Elf:1 (give manual of Staves)


Innate Abilities, Weirdness & Mutations

You have hooves in place of feet.
You are mostly covered in iridescent scales. (AC +6)
Your flesh is heat resistant. (rF+)
When hurt, damage is shared between your health and your magic reserves.
You regenerate magic rapidly.
When low on magic, you restore magic in place of health.
You have a pair of small antennae on your head.
You can translocate small distances at will.
Your muscles are strong. (Str +2)


Message History

The six-headed hydra completely misses you.
You feel sick.
The ten-headed hydra roars!
The nine-headed hydra roars!
You block the six-headed hydra's attack. x2
The six-headed hydra barely misses you.
The six-headed hydra closely misses you.
The six-headed hydra bites you but does no damage.
The six-headed hydra barely misses you.
You hear an angry growl.
There is an escape hatch in the ceiling here.
As you read the scroll of fear, it crumbles to dust.
You assume a fearsome visage.
The bog body is unaffected.
The four-headed hydra looks frightened!
The six-headed hydra looks frightened!
The ten-headed hydra easily resists.
The nine-headed hydra looks frightened!
The swamp worm looks frightened!
* * * LOW HITPOINT WARNING * * *
You feel sick.
You hear a shout!
A giant leech comes into view.
You die...

≈≈...≈≈Z§≈≈≈≈≈≈≈♣♣♣♣
≈≈≈....t§≈.D.≈..≈≈≈♣
...≈≈....w.♣.w..≈≈≈♣
≈.≈≈.§.†≈.≈D≈D≈≈≈≈≈♣♣♣♣
≈ ♣§≈DD≈≈≈≈≈≈≈≈≈≈≈..♣ ≈
♣♣♣§§§≈≈≈≈≈≈≈n≈≈≈.≈♣
♣≈≈§§D..≈≈≈D≈≈≈≈≈.§♣
♣♣♣.≈...≈.≈≈≈≈≈≈≈≈≈≈(♣
♣♣...§≈...♣≈§≈≈≈@.≈≈≈♣♣
.≈..§≈.♣..♣♣.§≈.....♣♣
♣≈§..≈.♣♣♣♣.≈≈≈♣♣♣♣♣♣
≈.≈≈≈.♣♣ ♣.≈≈. ..≈≈≈..♣
♣≈..≈ ...≈..[♣ ♣♣♣♣
♣♣♣≈..♣♣ ♣♣♣♣♣


You could see a ten-headed hydra, a nine-headed hydra (fleeing), a six-headed
hydra (fleeing), a four-headed hydra (fleeing), a giant leech (wandering), a bog
body and a swamp worm (fleeing).

Vanquished Creatures
  Bai Suzhen (Depths:1)
  Saint Roka (Elf:3)
  Rupert (Orc:1)
  Asterion (Depths:1)
  2 deep elf blademasters (Elf:3)
  2 tentacled starspawn (Abyss:3)
  3 thorn hunters
  Aizul (Swamp:3)
  9 deep elf sorcerers
  Louise (D:13)
  A deep elf elementalist (Elf:3)
  A very ugly thing (Swamp:1)
  4 deep elf demonologists
  11 deep elf annihilators (Elf:3)
  The ghost of Tungsten the Grappler, a journeyman TrMo of Uskayaw (Lair:2)
  3 deep elf death magi (Elf:3)
  Josephine (D:12)
  2 deep elf high priests (Elf:3)
  An ogre mage (D:13)
  2 ghost crabs
  13 hydras
  7 centaur warriors
  25 dancing weapons
  4 tengu warriors
  8 alligators
  11 death yaks
  6 orc high priests (Orc:2)
  A shock serpent (Snake:1)
  13 deep elf knights
  Nergalle (Orc:1)
  A wretched star (Abyss:3)
  A fire crab (D:14)
  A spatial maelstrom (Abyss:3)
  An unseen horror (D:14)
  4 skeletal warriors (D:13)
  2 swamp dragons
  2 spriggan druids
  A lindwurm (shapeshifter) (D:13)
  9 hill giants
  7 deep elf archers
  A phantasmal warrior (D:15)
  A necromancer (D:15)
  A giant orange brain (Abyss:3)
  62 deep elf magi
  2 orc knights
  7 ugly things
  3 oklob plants (Lair:5)
  2 wolf spiders
  3 orc sorcerers
  2 hornets
  2 manticores
  A fire giant skeleton (D:15)
  2 worldbinders (Abyss:3)
  A frost giant skeleton (D:15)
  3 cyclopes
  A smoke demon (Abyss:3)
  2 molten gargoyles (Volcano)
  An elephant (Lair:3)
  9 black mambas
  A guardian serpent (Lair:6)
  3 ice statues (IceCv)
  22 spiny frogs
  A torpor snail (Lair:6)
  A gargoyle (D:14)
  A guardian mummy (D:15)
  4 rime drakes
  3 efreet
  6 komodo dragons
  A meliai (D:14)
  A queen bee (Lair:3)
  A polar bear (shapeshifter) (D:15)
  A polar bear (Lair:3)
  4 two-headed ogres
  3 giant leeches (Swamp:1)
  The ghost of Ijustatesigmund the Skirmisher, an amateur DsBe of Trog (D:3)
  15 blink frogs
  Prince Ribbit (D:5)
  A blink frog (shapeshifter) (Elf:2)
  A raiju (Abyss:3)
  14 slime creatures
  6 trolls
  A meliai zombie (D:12)
  A hornet zombie (D:13)
  8 bog bodies
  10 spriggans
  2 redbacks (Lair:6)
  A vampire (D:12)
  A shadow (D:14)
  6 wraiths
  A wyvern (shapeshifter) (D:14)
  10 wyverns
  4 air elementals
  41 yaks
  2 water elementals (Elf:2)
  2 fire elementals
  8 basilisks
  10 fire bats
  5 vampire mosquitoes
  A hungry ghost (D:12)
  A steam dragon (Lair:6)
  15 hippogriffs
  Edmund (D:5)
  4 wargs
  2 mottled dragons
  2 spatial vortices (Abyss:3)
  28 insubstantial wisps
  A soldier ant (D:11)
  9 swamp worms
  6 nagas (Lair:4)
  4 large abominations
  24 orc warriors
  11 porcupines
  21 water moccasins
  8 swamp drakes
  9 ice beasts
  16 wasps
  3 sky beasts
  3 phantoms
  A black bear (D:8)
  2 eyes of draining
  8 wolves
  3 necrophages
  16 centaurs
  12 ogres
  A crocodile (shapeshifter) (Abyss:3)
  16 crocodiles
  2 big kobolds
  22 giant frogs
  Blork the orc (D:6)
  5 small abominations
  A wyvern zombie (D:14)
  A wyvern skeleton (D:10)
  4 scorpions
  38 killer bees
  12 wights
  3 electric eels
  6 crimson imps
  2 lava snakes (Volcano)
  2 starcursed masses (Abyss:3)
  A quasit (Abyss:3)
  A giant frog zombie (D:6)
  5 hounds
  6 jellies
  33 orc priests
  10 centaur zombies
  2 human zombies (Ossuary)
  14 orc wizards
  8 centaur skeletons
  2 giant frog skeletons
  8 iguanas
  14 worker ants
  16 sheep
  A hound zombie (D:6)
  2 mummies (Ossuary)
  A howler monkey zombie (D:5)
  10 gnolls
  16 adders
  41 river rats
  4 shadow imps
  12 white imps (Lair:4)
  2 oozes
  4 adder zombies
  An adder skeleton (D:7)
  4 worms
  A dart slug (D:1)
  4 giant geckos
  103 orcs
  A ball python (D:7)
  3 giant cockroaches
  5 goblins
  3 hobgoblins
  17 jackals
  6 quokkas
  5 bats
  A giant gecko skeleton (D:4)
  A giant newt (D:2)
  10 hobgoblin zombies (Ossuary)
  3 jackal zombies (Ossuary)
  14 kobolds
  12 kobold zombies (Ossuary)
  5 orc zombies (Ossuary)
  A quokka skeleton (D:4)
  9 rats
  11 briar patches
  6 crawling corpses (Elf:3)
  3 fungi
  A starspawn tentacle (Abyss:3)
  2 withered plants (D:15)
1250 creatures vanquished.

Vanquished Creatures (collateral kills)
  A hydra (D:14)
  A skeletal warrior (D:15)
  An unseen horror (D:15)
  A hill giant (shapeshifter) (D:14)
  A sphinx zombie (D:15)
  2 gargoyles (D:14)
  A centaur skeleton (D:14)
  A kobold demonologist (D:14)
  An ice dragon zombie (D:15)
  2 meliai zombies
  A wraith (D:14)
  A hippogriff (D:14)
  An orc warrior (D:14)
  A sky beast (D:14)
  A crocodile (Lair:1)
  A giant frog (D:15)
  A hound (D:14)
  An orc wizard (D:14)
  An iguana (D:14)
  A shadow imp (D:14)
22 creatures vanquished.

Vanquished Creatures (others)
  Nikola (Swamp:1)
  2 deep elf master archers (Elf:3)
  A deep elf sorcerer (Elf:3)
  A deep elf elementalist (Elf:3)
  A deep elf annihilator (Elf:3)
  A deep elf high priest (Elf:3)
  A deep elf archer (Elf:2)
  An unseen horror (D:14)
  A giant leech (Swamp:4)
  A mottled dragon (Volcano)
  A water moccasin (Lair:6)
  A swamp drake (Swamp:4)
  An orc wizard (Orc:2)
  A briar patch (Swamp:1)
  3 bushes (D:11)
  23 fungi
  31 plants
  5 starspawn tentacles (Abyss:3)
  53 starspawn tentacle segments (Abyss:3)
  2 withered plants (D:15)
132 creatures vanquished.

Grand Total: 1404 creatures vanquished

Notes
Turn   | Place    | Note
-------+----------+-------------------------------------------
     0 | D:1      | Ijustatesigmund the Demonspawn Berserker began the quest for the Orb.
     0 | D:1      | Reached XP level 1. HP: 18/18 MP: 1/1
   185 | D:1      | Gained mutation: When hurt, damage is shared between your health and your magic reserves. [demonic ancestry]
   185 | D:1      | Reached XP level 2. HP: 20/24 MP: 2/2
   811 | D:2      | Reached XP level 3. HP: 15/29 MP: 1/3
  1214 | D:2      | Reached skill level 3 in Axes
  1411 | D:3      | Reached ** piety under Trog
  1427 | D:3      | Found a sacrificial altar of Ru.
  1581 | D:3      | Noticed Ijustatesigmund's ghost (amateur DsBe)
  1598 | D:3      | Killed Ijustatesigmund's ghost
  1598 | D:3      | Gained mutation: You have large cloven feet. [demonic ancestry]
  1598 | D:3      | Reached XP level 4. HP: 3/37 MP: 0/4
  1598 | D:3      | Reached XP level 5. HP: 4/42 MP: 0/5
  1976 | D:3      | Gained mutation: You are partially covered in iridescent scales. (AC +4) [demonic ancestry]
  1976 | D:3      | Reached XP level 6. HP: 48/48 MP: 6/6
  2321 | D:4      | Found a glowing silver altar of Zin.
  2446 | D:4      | Found a staircase to the Ecumenical Temple.
  2993 | D:4      | Reached skill level 4 in Axes
  3346 | D:5      | Entered Level 5 of the Dungeon
  3360 | D:5      | HP: 3/73 [centaur (3)]
  3364 | D:5      | Reached XP level 7. HP: 4/55 MP: 0/7
  3598 | D:5      | Found a sand-covered staircase.
  3609 | Ossuary  | Entered an ossuary
  4015 | D:5      | Noticed Edmund
  4034 | D:5      | Reached skill level 5 in Fighting
  4034 | D:5      | Killed Edmund
  4034 | D:5      | Reached skill level 5 in Axes
  4302 | D:5      | Noticed Prince Ribbit
  4606 | D:5      | Killed Prince Ribbit
  4606 | D:5      | Gained mutation: You have hoof-like feet. [demonic ancestry]
  4606 | D:5      | Reached XP level 8. HP: 39/64 MP: 3/8
  4736 | D:5      | Gained mutation: You are robust. (+10% HP) [potion of mutation]
  4736 | D:5      | Gained mutation: You have a pair of small horns on your head. [potion of mutation]
  4736 | D:5      | Gained mutation: Your spells are a little harder to cast, but a little more powerful. [potion of mutation]
  5217 | D:6      | Reached skill level 6 in Axes
  5356 | D:6      | Noticed Blork the orc
  5364 | D:6      | Killed Blork the orc
  5963 | D:6      | Reached skill level 5 in Dodging
  6183 | D:6      | Reached XP level 9. HP: 79/79 MP: 9/9
  6343 | D:7      | Reached *** piety under Trog
  6475 | D:7      | Reached skill level 7 in Axes
  6506 | D:7      | Found Lugit's Gadget Shop.
  6590 | D:7      | Found an oddly glowing altar of Pakellas.
  7719 | D:8      | Reached skill level 1 in Shields
  8119 | D:9      | Reached skill level 5 in Shields
  8294 | D:9      | Reached XP level 10. HP: 88/88 MP: 10/10
  8754 | D:10     | Entered Level 10 of the Dungeon
  8800 | D:10     | Noticed a cyclops
  8804 | D:10     | Noticed a cyclops
  8806 | D:10     | Noticed a hill giant
  8810 | D:10     | Killed a cyclops
  8812 | D:10     | Killed a cyclops
  8818 | D:10     | Killed a hill giant
  8830 | D:10     | Reached **** piety under Trog
  8838 | D:10     | Noticed a manticore
  8844 | D:10     | a manticore changed into a komodo dragon
  8854 | D:10     | Noticed a death drake
  8895 | D:10     | Noticed a four-headed hydra
  8895 | D:10     | Noticed a moth of wrath
  9079 | D:11     | Noticed a hill giant
  9084 | D:11     | Noticed a hill giant
  9097 | D:11     | Noticed a six-headed hydra
  9111 | D:11     | Killed a ten-headed hydra
  9111 | D:11     | Reached skill level 8 in Axes
  9114 | D:11     | Reached XP level 11. HP: 95/95 MP: 11/11
  9120 | D:11     | Killed a hill giant
  9132 | D:11     | Killed a hill giant
  9194 | D:11     | Reached skill level 9 in Axes
  9255 | D:11     | Found a staircase to the Lair.
  9284 | D:11     | Reached skill level 10 in Fighting
  9327 | D:11     | Noticed a hill giant
  9341 | D:11     | Killed a hill giant
  9465 | D:11     | Noticed an orc knight
  9494 | D:11     | Killed an orc knight
  9495 | D:11     | Found a roughly hewn altar of Beogh.
  9996 | D:12     | Reached ***** piety under Trog
 10041 | D:12     | Reached skill level 10 in Axes
 10085 | D:13     | Noticed an ogre mage
 10087 | D:13     | Noticed a hill giant
 10211 | D:12     | Found a staircase to the Orcish Mines.
 10419 | D:12     | Gained mutation: You can translocate small distances at will. [potion of beneficial mutation]
 10617 | D:12     | Noticed a six-headed hydra
 10641 | D:12     | Killed a 14-headed hydra
 10641 | D:12     | Gained mutation: You regenerate magic rapidly. [demonic ancestry]
 10641 | D:12     | Reached XP level 12. HP: 110/110 MP: 9/12
 11243 | D:13     | Killed an ogre mage
 11260 | D:13     | Noticed Josephine
 11314 | D:12     | Killed Josephine
 11314 | D:12     | Reached skill level 11 in Axes
 11525 | D:13     | Noticed a centaur warrior
 11529 | D:13     | Killed a centaur warrior
 11872 | D:13     | Found a gate to the Vaults.
 11943 | D:13     | Found a basalt altar of Yredelemnul.
 12230 | D:14     | Noticed a tengu warrior
 12230 | D:14     | Noticed a tengu warrior
 12237 | D:14     | Noticed a seven-headed hydra
 12343 | D:13     | Killed a tengu warrior
 12343 | D:13     | Reached skill level 12 in Axes
 12346 | D:13     | Killed a tengu warrior
 12346 | D:13     | Reached skill level 5 in Armour
 12346 | D:13     | Gained mutation: When low on magic, you restore magic in place of health. [demonic ancestry]
 12346 | D:13     | Reached XP level 13. HP: 122/122 MP: 11/13
 12407 | D:14     | Noticed Louise
 12433 | D:13     | Killed Louise
 13214 | D:14     | Got an encrusted leather armour
 13257 | D:14     | Got a twitching golden ring
 13262 | D:14     | Identified the cursed ring "Uskiemm" {EV-4 Str+4} (You found it on level 14 of the Dungeon)
 13301 | D:14     | Reached skill level 13 in Axes
 13681 | D:14     | Received a gift from Trog
 13835 | D:14     | Got a scorched leather armour
 13987 | D:14     | Gained mutation: You have hooves in place of feet. [demonic ancestry]
 13987 | D:14     | Reached XP level 14. HP: 129/129 MP: 14/14
 14364 | D:15     | Entered Level 15 of the Dungeon
 14481 | D:15     | Found a staircase to the Depths.
 14594 | D:15     | Found a white marble altar of Elyvilon.
 15239 | Lair:1   | Entered Level 1 of the Lair of Beasts
 15625 | Lair:2   | Got a crude ring mail
 15636 | Lair:2   | Identified the +2 leather armour of Grottiness {Str+4 Dex+2} (You found it on level 14 of the Dungeon)
 15646 | Lair:2   | Identified the +3 leather armour "Mitasor" {Dex+4 Stlth+} (You took it off a deep elf mage on level 14 of the Dungeon)
 15656 | Lair:2   | Identified the +5 ring mail of Shadows and Fog {-Cast Regen+ rCorr} (You found it on level 2 of the Lair of Beasts)
 15732 | Lair:2   | Found a dark tunnel.
 15751 | Volcano  | Entered a volcano
 15902 | Volcano  | Found a bloodstained altar of Trog.
 16621 | Lair:2   | Noticed Tungsten's ghost (journeyman TrMo)
 16639 | Lair:2   | Killed Tungsten's ghost
 17632 | Lair:3   | Reached skill level 10 in Dodging
 17765 | Lair:3   | Received a gift from Trog
 17949 | Lair:3   | Reached skill level 14 in Axes
 18635 | Lair:4   | Found a frozen archway.
 18678 | IceCv    | Entered an ice cave
 19129 | Lair:4   | Gained mutation: You are mostly covered in iridescent scales. (AC +6) [demonic ancestry]
 19129 | Lair:4   | Reached XP level 15. HP: 135/135 MP: 12/15
 19133 | Lair:4   | Reached skill level 10 in Armour
 19141 | Lair:4   | Found a staircase to the Snake Pit.
 19150 | Snake:1  | Entered Level 1 of the Snake Pit
 19262 | Lair:4   | Found a staircase to the Swamp.
 19506 | Lair:4   | Received a gift from Trog
 20107 | Lair:5   | Found a staircase to the Slime Pits.
 20130 | Lair:5   | Reached skill level 1 in Evocations
 20799 | Lair:6   | Entered Level 6 of the Lair of Beasts
 20836 | Lair:6   | Reached skill level 5 in Evocations
 21047 | Lair:6   | Received a gift from Trog
 21373 | Lair:6   | Received a gift from Trog
 21553 | Lair:3   | Got a smoking war axe {god gift}
 21554 | Lair:3   | Identified the +8 war axe of Patterns {chop, Str+2} (Trog gifted it to you on level 3 of the Lair of Beasts)
 22305 | Orc:1    | Entered Level 1 of the Orcish Mines
 22305 | Orc:1    | Found Zeis's Gadget Shop.
 22451 | Orc:2    | Entered Level 2 of the Orcish Mines
 22455 | Orc:1    | Noticed Nergalle
 22463 | Orc:1    | Killed Nergalle
 22791 | Orc:1    | Found a roughly hewn altar of Beogh.
 23078 | Orc:2    | Noticed Rupert
 23098 | Orc:1    | Killed Rupert
 23148 | Orc:2    | Received a gift from Trog
 23225 | Orc:2    | Reached skill level 10 in Evocations
 23249 | Orc:2    | Reached XP level 16. HP: 143/143 MP: 23/23
 23274 | Orc:2    | Found Fomed's Gadget Boutique.
 23274 | Orc:2    | Found Foib's Antique Weapon Emporium.
 23502 | Orc:2    | Found a roughly hewn altar of Beogh.
 23510 | Orc:2    | Found Rygywe's Book Boutique.
 23510 | Orc:2    | Found Doijuotu's Antique Weapon Emporium.
 23583 | Orc:2    | Found a staircase to the Elven Halls.
 23981 | Elf:1    | Entered Level 1 of the Elven Halls
 24022 | Elf:1    | Cast into level 3 of the Abyss (a deep elf sorcerer)
 24097 | Abyss:3  | Noticed a tentacled starspawn
 24103 | Abyss:3  | Noticed a tentacled starspawn
 24110 | Abyss:3  | Killed a tentacled starspawn
 24122 | Abyss:3  | Killed a tentacled starspawn
 24156 | Abyss:3  | Noticed a lich
 24190 | Abyss:3  | Found a corrupted altar of Lugonu.
 24301 | Elf:1    | Escaped the Abyss
 24321 | Elf:1    | Reached ****** piety under Trog
 24368 | Elf:1    | Received a gift from Trog
 24642 | Elf:1    | Identified the Collected Works on Attacks and Summoning
 24921 | Elf:1    | Found a portal to a secret trove of treasure.
 25563 | Depths:1 | Entered Level 1 of the Depths
 25563 | Depths:1 | Noticed Asterion
 25577 | Depths:1 | Gained mutation: Your magical capacity is low. (-10% MP) [a cacodemon]
 25580 | Depths:1 | Killed Asterion
 25622 | Depths:1 | Noticed Bai Suzhen
 25642 | Depths:1 | Killed Bai Suzhen
 25642 | Depths:1 | Reached skill level 15 in Axes
 25642 | Depths:1 | Reached skill level 10 in Shields
 25993 | Elf:2    | Found Mowajec's Jewellery Shoppe.
 26061 | Elf:2    | Bought a +5 amulet of reflection for 300 gold pieces
 26117 | Elf:2    | Found a runed gate.
 26117 | Elf:2    | Found a runed gate.
 26117 | Elf:2    | Found a runed gate.
 26260 | Elf:2    | Reached XP level 17. HP: 151/151 MP: 23/23
 26419 | Elf:2    | Gained mutation: Your body sometimes deteriorates upon taking damage. [a neqoxec]
 26613 | Elf:2    | Received a gift from Trog
 26636 | Elf:2    | Received a gift from Trog
 27011 | Elf:3    | Entered Level 3 of the Elven Halls
 27053 | Elf:3    | Noticed Saint Roka
 27106 | Elf:3    | Killed Saint Roka
 27364 | Elf:3    | Noticed a deep elf master archer
 27373 | Elf:3    | Noticed a deep elf blademaster
 27382 | Elf:3    | Killed a deep elf blademaster
 27406 | Elf:3    | Killed a deep elf master archer
 27430 | Elf:3    | Reached skill level 15 in Fighting
 27431 | Elf:3    | Reached skill level 16 in Axes
 27486 | Elf:3    | Received a gift from Trog
 27511 | Elf:3    | Noticed a deep elf blademaster
 27529 | Elf:3    | Killed a deep elf blademaster
 27543 | Elf:3    | Noticed a deep elf master archer
 27549 | Elf:3    | Killed a deep elf master archer
 27583 | Elf:3    | Got a scorched lead amulet
 27592 | Elf:3    | Identified the amulet "Goyn" {rN+ MR++ Regen+ MP-9} (You took it off a deep elf elementalist on level 3 of the Elven Halls)
 27636 | Elf:3    | Gained mutation: Your flesh is heat resistant. (rF+) [demonic ancestry]
 27636 | Elf:3    | Reached XP level 18. HP: 153/163 MP: 5/24
 27753 | Elf:3    | Noticed a Brimstone Fiend
 27755 | Elf:3    | Noticed a Tzitzimitl
 27911 | Elf:3    | Identified a scroll of acquirement
 27922 | Elf:3    | Received a gift from Trog
 28870 | D:12     | Lost mutation: Your spells are a little harder to cast, but a little more powerful. [potion of cure mutation]
 28870 | D:12     | Lost mutation: Your body sometimes deteriorates upon taking damage. [potion of cure mutation]
 28870 | D:12     | Lost mutation: You have a pair of small horns on your head. [potion of cure mutation]
 28870 | D:12     | Lost mutation: Your magical capacity is low. (-10% MP) [potion of cure mutation]
 28870 | D:12     | Lost mutation: You are robust. (+10% HP) [potion of cure mutation]
 28991 | Swamp:1  | Entered Level 1 of the Swamp
 29011 | Swamp:1  | Upgraded the game from 0.19-a0-981-gaae9137 to 0.19-a0-994-g3c636f0
 29388 | Swamp:1  | Received a gift from Trog
 29407 | Swamp:1  | Noticed Nikola
 29426 | Swamp:1  | Killed Nikola
 29616 | Swamp:1  | Gained mutation: Your muscles are strong. (Str +2) [potion of beneficial mutation]
 30167 | Swamp:2  | Gained mutation: You have a pair of small antennae on your head. [potion of beneficial mutation]
 30526 | Swamp:2  | Reached skill level 17 in Axes
 30620 | Swamp:3  | Noticed Aizul
 31089 | Swamp:3  | Killed Aizul
 31581 | Swamp:4  | Entered Level 4 of the Swamp
 31604 | Swamp:4  | Identified the cursed +1 plate armour of the Hurricane {-Tele Dex+7} (You found it on level 4 of the Swamp)
 31681 | Swamp:4  | HP: 5/153 [poisoned by a swamp dragon (poison gas)]
 31684 | Swamp:4  | HP: 1/153 [poisoned by a swamp dragon (poison gas)]
 31685 | Swamp:4  | Succumbed to a swamp dragon's poison gas

Vault maps used:
D:1:      dpeg_arrival_simpleton_a, st_stairs_7
D:3:      st_stairs_12, nicolae_ru_the_path_less_chosen
D:4:      lemuel_doored_altar
D:5:      first_bread, nicolae_ossuary_entry_monument, uniq_edmund,
          uniq_prince_ribbit1
D:6:      uniq_blork_the_orc
D:7:      basic_altar, serial_shops, nicolae_shop_behind_doors, grunt_ogre_cave
D:8:      minivault_10
D:10:     minmay_cut_squares, lemuel_mausoleum_altar_kikubaaqudgha
D:11:     minmay_lair_entry_grove
D:12:     hiddenorc2_lemuel, serial_bayou, serial_bayou_pond_d,
          serial_bayou_pond_d, serial_bayou_pond_a, serial_bayou_shore_a
D:13:     david_vaults_2, lemuel_statue_altar, uniq_josephine
D:14:     minmay_spiral_squares, uniq_louise
D:15:     gammafunk_depths_entry_grave, elyvilon_altar_3, lab_entry_generic,
          nrook_mini_backslash
Lair:1:   grunt_megastairs_3
Lair:2:   nicolae_volcano_entry_batcave, lemuel_fruit_tree, serial_bayou_shore_b
Lair:3:   regret_index_combs_of_tragedy, lemuel_fruit_fields, grunt_megastairs_4
Lair:4:   minmay_swamp_entry_wisps, minmay_snake_entry_guardpost_medium,
          portal_ice_cave_entry_imps, hangedman_lair_generics_rect
Lair:5:   minmay_slime_entry_oklob_open, serial_bayou, serial_bayou_pond_c,
          serial_bayou_pond_d, serial_bayou_pond_d, serial_bayou_pond_c
Lair:6:   hangedman_lair_tendril_chambers, lemuel_fruit_fields
Swamp:1:  evilmike_swamp_ruin_rubble_2, swamp_pool4, uniq_nikola
Swamp:2:  evilmike_swamp_ruin_house_6, nicolae_swamp_stair_fork
Swamp:3:  evilmike_swamp_ruin_house_3, swamp_pool5, hangedman_swamp_cone,
          uniq_aizul
Swamp:4:  swamp_basic_johnstein
Orc:1:    basic_altar, serial_shops, nicolae_shop_waterfront,
          nicolae_orc_rockfall, uniq_nergalle
Orc:2:    st_orc_town, uniq_rupert
Elf:1:    eino_elf_arrival_sip, nicolae_trove_entry_crossroad,
          minmay_elf_sorcery, spider_trap, minivault_27
Elf:2:    serial_shops, nicolae_shop_statue_plus
Elf:3:    minmay_elf_hall_furrowed, uniq_saint_roka
Depths:1: minmay_curled_crystal, hell_entry, solitary_fountain, uniq_asterion,
          uniq_bai_suzhen
Abyss:3:  evilmike_abyss_exit_10
Ossuary:  ossuary_tomb_1
IceCv:    ice_cave_statue_garden_chambered
Volcano:  volcano_grotto

Skill      XL: |  1  2  3  4  5  6  7  8  9 10 11 12 13 14 15 16 17 18 |
---------------+-------------------------------------------------------+-----
Dodging        | 2 3 5 6 8 10 11 | 11.0
Armour         | 2 3 4 5 7 9 10 | 10.3
Axes           | 3 4 5 6 7 8 10 12 13 14 15 16 17 | 17.2
Fighting       | 4 6 7 8 11 13 15 16 | 16.5
Shields        | 5 9 10 12 | 12.3
Evocations     | 10 11 | 11.9

Action                   |  1- 3 |  4- 6 |  7- 9 | 10-12 | 13-15 | 16-18 || total
-------------------------+-------+-------+-------+-------+-------+-------++-------
Melee: Hand axe          |   112 |   127 |   275 |       |       |       ||   514
       War axe           |       |       |   295 |   617 |  1601 |   335 ||  2848
       Headbutt          |       |       |    82 |   186 |   524 |   244 ||  1036
       Kick              |       |       |       |       |   606 |   553 ||  1159
       Broad axe         |       |       |       |       |     6 |   928 ||   934
Invok: Berserk           |     1 |     1 |     7 |     8 |    16 |     9 ||    42
       Trog's Hand       |       |       |     4 |    15 |    19 |    21 ||    59
       Brothers in Arms  |       |       |       |       |     2 |     1 ||     3
       Burn Spellbooks   |       |       |       |       |       |     6 ||     6
 Abil: Evoke Invisibilit |       |       |       |       |       |     1 ||     1
Evoke: Wand              |       |       |     6 |     2 |    10 |     6 ||    24
  Use: Scroll            |     4 |     5 |    11 |    12 |    26 |    21 ||    79
       Potion            |       |     2 |     3 |     7 |     5 |    19 ||    36
 Stab: Invisible         |       |       |       |       |    19 |    15 ||    34
       Distracted        |       |       |       |       |     1 |     1 ||     2
       Confused          |       |       |       |       |       |     2 ||     2
  Eat: Chunk             |     2 |     6 |    17 |     7 |    11 |     3 ||    46
       Beef jerky        |       |       |     2 |     4 |    10 |       ||    16
       Royal jelly       |       |       |     2 |     1 |       |     1 ||     4
       Pizza             |       |       |     2 |       |     1 |       ||     3
       Fruit             |       |       |       |    10 |    17 |     7 ||    34
       Bread ration      |       |       |       |     1 |     1 |     6 ||     8
       Meat ration       |       |       |       |       |     3 |     2 ||     5
Armor: Animal skin       |     7 |       |       |       |       |       ||     7
       Ring mail         |    25 |    49 |    50 |       |   147 |   349 ||   620
       Chain mail        |       |       |   189 |   197 |   197 |       ||   583
Dodge: Dodged            |    75 |    78 |   248 |    63 |   340 |   426 ||  1230
Block: Shield            |       |       |   177 |   870 |  1655 |   162 ||  2864
       Large shield      |       |       |       |       |   260 |  1081 ||  1341
       Reflection        |       |       |       |       |       |    46 ||    46
